UAA
TACOMA FUR TRADERS @ FT. POLK SOUTH THUNDER HAWKS
05/28/2018
 
TOP OF THE 1ST
Tacoma Fur Traders batting - Pitching for Ft. Polk South Thunder Hawks : RHP Sergio Rentería
Pitching: RHP Sergio Rentería
Batting: RHB Mike Daniels 0-0: Ground out 4-3 (Groundball, 4)
Batting: RHB Gonzalo Manuel 0-0: Called Strike
0-1: Foul Ball, location: 2F
0-2: Foul Ball, location: 2F
0-2: Ball
1-2: Ball
2-2: Ball
3-2: Fly out, F3 (Popup, 3SF)
Batting: RHB Jesús Morales 0-0: Ball
1-0: Called Strike
1-1: Ball
2-1: Fly out, F8 (Flyball, 8LD)
Top of the 1st over - 0 run(s), 0 hit(s), 0 error(s), 0 left on base; Tacoma 0 - Ft. Polk South 0
BOTTOM OF THE 1ST
Ft. Polk South Thunder Hawks batting - Pitching for Tacoma Fur Traders : RHP Austin Abbott
Pitching: RHP Austin Abbott
Batting: RHB Francisco Romero 0-0: Ball
1-0: Ball
2-0: Called Strike
2-1: SINGLE (Groundball, 3S)
Batting: LHB José Marín 0-0: Swinging Strike
0-1: Ground out 4-3 (Groundball, 4M)
Francisco Romero to second
Batting: RHB Joe Murray 0-0: Called Strike
0-1: Ground out 6-3 (Groundball, 6)
Batting: RHB Román Centena 0-0: Ball
1-0: Swinging Strike
1-1: Foul Ball, location: 2F
1-2: Strikes out swinging
Bottom of the 1st over - 0 run(s), 1 hit(s), 0 error(s), 1 left on base; Tacoma 0 - Ft. Polk South 0
TOP OF THE 2ND
Tacoma Fur Traders batting - Pitching for Ft. Polk South Thunder Hawks : RHP Sergio Rentería
Batting: RHB Brett Robinson 0-0: Ball
1-0: Fly out, F4 (Popup, 6MD)
Batting: RHB Mark Allen 0-0: Called Strike
0-1: Ball
1-1: Ball
2-1: Foul Ball, location: 2F
2-2: Foul Ball, location: 2F
2-2: Foul Ball, location: 2F
2-2: Ball
3-2: Strikes out swinging
Batting: RHB Mo Zhou 0-0: Ball
1-0: Ground out 6-3 (Groundball, 6)
Top of the 2nd over - 0 run(s), 0 hit(s), 0 error(s), 0 left on base; Tacoma 0 - Ft. Polk South 0
BOTTOM OF THE 2ND
Ft. Polk South Thunder Hawks batting - Pitching for Tacoma Fur Traders : RHP Austin Abbott
Batting: LHB Guomez Nabeiro 0-0: Ball
1-0: Foul Ball, location: 2F
1-1: SINGLE (Groundball, 34)
Batting: RHB Steven Grant 0-0: Grounds into double play, 6-4-3 (Groundball, 56)
Batting: SHB Ted Hansen 0-0: Ball
1-0: Called Strike
1-1: Called Strike
1-2: Ground out 4-3 (Groundball, 4M)
Bottom of the 2nd over - 0 run(s), 1 hit(s), 0 error(s), 0 left on base; Tacoma 0 - Ft. Polk South 0
TOP OF THE 3RD
Tacoma Fur Traders batting - Pitching for Ft. Polk South Thunder Hawks : RHP Sergio Rentería
Batting: RHB Eldon McGillivour 0-0: Ball
1-0: Swinging Strike
1-1: Ball
2-1: Swinging Strike
2-2: Strikes out swinging
Batting: RHB Johnny Bryant 0-0: Ball
1-0: Foul Ball, location: 2F
1-1: Ball
2-1: Called Strike
2-2: SINGLE (Groundball, 3D)
Batting: RHB Justin Saginov 0-0: Ball
1-0: Swinging Strike
1-1: Called Strike
1-2: Fly out, F3 (Popup, 3F)
Batting: RHB Mike Daniels 0-0: Foul Ball, location: 2F
0-1: Fly out, F9 (Flyball, 9M)
Top of the 3rd over - 0 run(s), 1 hit(s), 0 error(s), 1 left on base; Tacoma 0 - Ft. Polk South 0
BOTTOM OF THE 3RD
Ft. Polk South Thunder Hawks batting - Pitching for Tacoma Fur Traders : RHP Austin Abbott
Batting: RHB José Sosa 0-0: Called Strike
0-1: Called Strike
0-2: Strikes out swinging
Batting: SHB Tony Martínez 0-0: Called Strike
0-1: Foul Ball, location: 2F
0-2: Ball
1-2: Strikes out swinging
Batting: RHB Francisco Romero 0-0: SINGLE (Groundball, 13) (infield hit)
Batting: LHB José Marín 0-0: Ball
1-0: Foul Ball, location: 2F
1-1: Swinging Strike
1-2: Foul Ball, location: 2F
1-2: Fly out, F6 (Line Drive, 6M)
Bottom of the 3rd over - 0 run(s), 1 hit(s), 0 error(s), 1 left on base; Tacoma 0 - Ft. Polk South 0
TOP OF THE 4TH
Tacoma Fur Traders batting - Pitching for Ft. Polk South Thunder Hawks : RHP Sergio Rentería
Batting: RHB Gonzalo Manuel 0-0: Ball
1-0: Called Strike
1-1: Ball
2-1: Fly out, F6 (Popup, 6MS)
Batting: RHB Jesús Morales 0-0: Ball
1-0: Ball
2-0: Ball
3-0: Called Strike
3-1: SINGLE (Line Drive, 5D)
Batting: RHB Brett Robinson 0-0: Foul Ball, location: 2F
0-1: Ball
1-1: Foul Ball, location: 2F
1-2: Fly out, F7 (Flyball, 7M)
Batting: RHB Mark Allen 0-0: Ball
1-0: Swinging Strike
1-1: Foul Ball, location: 2F
1-2: Strikes out swinging
Top of the 4th over - 0 run(s), 1 hit(s), 0 error(s), 1 left on base; Tacoma 0 - Ft. Polk South 0
BOTTOM OF THE 4TH
Ft. Polk South Thunder Hawks batting - Pitching for Tacoma Fur Traders : RHP Austin Abbott
Batting: RHB Joe Murray 0-0: Foul Ball, location: 2F
0-1: Foul Ball, location: 2F
0-2: Ball
1-2: Foul Ball, location: 2F
1-2: Strikes out swinging
Batting: RHB Román Centena 0-0: Ball
1-0: Foul Ball, location: 2F
1-1: Ball
2-1: Swinging Strike
2-2: SINGLE (Groundball, 6) (infield hit)
Batting: LHB Guomez Nabeiro 0-0: Ball
1-0: Ball
2-0: Foul Ball, location: 2F
2-1: Foul Ball, location: 2F
2-2: Foul Ball, location: 2F
2-2: Strikes out looking
Román Centena is caught stealing 2nd base
Batter strikes out.
Bottom of the 4th over - 0 run(s), 1 hit(s), 0 error(s), 0 left on base; Tacoma 0 - Ft. Polk South 0
TOP OF THE 5TH
Tacoma Fur Traders batting - Pitching for Ft. Polk South Thunder Hawks : RHP Sergio Rentería
Batting: RHB Mo Zhou 0-0: Ball
1-0: Foul Ball, location: 2F
1-1: Fly out, F9 (Line Drive, 89M)
Batting: RHB Eldon McGillivour 0-0: Ball
1-0: Swinging Strike
1-1: Ground out 3-1 (Groundball, 34)
Batting: RHB Johnny Bryant 0-0: Called Strike
0-1: Ball
1-1: Ball
2-1: Foul Ball, location: 2F
2-2: Ball
3-2: Strikes out looking
Top of the 5th over - 0 run(s), 0 hit(s), 0 error(s), 0 left on base; Tacoma 0 - Ft. Polk South 0
BOTTOM OF THE 5TH
Ft. Polk South Thunder Hawks batting - Pitching for Tacoma Fur Traders : RHP Austin Abbott
Batting: RHB Steven Grant 0-0: Called Strike
0-1: Swinging Strike
0-2: Strikes out swinging
Batting: SHB Ted Hansen 0-0: Ball
1-0: Fly out, F8 (Flyball, 8RXD)
Batting: RHB José Sosa 0-0: Foul Ball, location: 2F
0-1: Foul Ball, location: 2F
0-2: Ball
1-2: Foul Ball, location: 2F
1-2: Foul Ball, location: 2F
1-2: Strikes out swinging
Bottom of the 5th over - 0 run(s), 0 hit(s), 0 error(s), 0 left on base; Tacoma 0 - Ft. Polk South 0
TOP OF THE 6TH
Tacoma Fur Traders batting - Pitching for Ft. Polk South Thunder Hawks : RHP Sergio Rentería
Batting: RHB Justin Saginov 0-0: Called Strike
0-1: Swinging Strike
0-2: Ball
1-2: Ball
2-2: Foul Ball, location: 2F
2-2: Fly out, F8 (Flyball, 78XD)
Batting: RHB Mike Daniels 0-0: Ball
1-0: SINGLE (Line Drive, 56D)
Batting: RHB Gonzalo Manuel 0-0: Ball
1-0: Fly out, F9 (Flyball, 89S)
Batting: RHB Jesús Morales 0-0: Foul Ball, location: 2F
0-1: Swinging Strike
0-2: Ball
1-2: Foul Ball, location: 2F
1-2: Foul Ball, location: 2F
1-2: Ball
Mike Daniels steals 2nd base
2-2: Ball
3-2: SINGLE (Groundball, 56D)
Mike Daniels to third
Mike Daniels scores
Batting: RHB Brett Robinson 0-0: Ball
1-0: Ground out 5-3 (Groundball, 5)
Top of the 6th over - 1 run(s), 2 hit(s), 0 error(s), 1 left on base; Tacoma 1 - Ft. Polk South 0
BOTTOM OF THE 6TH
Ft. Polk South Thunder Hawks batting - Pitching for Tacoma Fur Traders : RHP Austin Abbott
Batting: SHB Tony Martínez 0-0: Foul Ball, location: 2F
0-1: Foul Ball, location: 2F
0-2: Ball
1-2: Foul Ball, location: 2F
1-2: Fly out, F8 (Flyball, 8RM)
Batting: RHB Francisco Romero 0-0: Swinging Strike
0-1: Swinging Strike
0-2: Foul Ball, location: 2F
0-2: Ball
1-2: Ball
2-2: Strikes out swinging
Batting: LHB José Marín 0-0: Ball
1-0: Ball
2-0: Ball
3-0: Called Strike
3-1: Ground out U3 (Groundball, 3L)
Bottom of the 6th over - 0 run(s), 0 hit(s), 0 error(s), 0 left on base; Tacoma 1 - Ft. Polk South 0
TOP OF THE 7TH
Tacoma Fur Traders batting - Pitching for Ft. Polk South Thunder Hawks : RHP Sergio Rentería
Batting: RHB Mark Allen 0-0: Ball
1-0: Fly out, F4 (Popup, 3D)
Batting: RHB Mo Zhou 0-0: Foul Ball, location: 2F
0-1: Ball
1-1: Ball
2-1: Ball
3-1: Ground out 4-3 (Groundball, 4)
Batting: RHB Eldon McGillivour 0-0: Swinging Strike
0-1: Foul Ball, location: 2F
0-2: Strikes out swinging
Top of the 7th over - 0 run(s), 0 hit(s), 0 error(s), 0 left on base; Tacoma 1 - Ft. Polk South 0
BOTTOM OF THE 7TH
Ft. Polk South Thunder Hawks batting - Pitching for Tacoma Fur Traders : RHP Austin Abbott
Batting: RHB Joe Murray 0-0: Fly out, F6 (Popup, 6)
Batting: RHB Román Centena 0-0: Ball
1-0: Swinging Strike
1-1: Ball
2-1: Called Strike
2-2: Ball
3-2: SINGLE (Line Drive, 56D)
Pinch Hitting: LHB José López 0-0: Called Strike
0-1: Ball
1-1: Called Strike
1-2: Ball
2-2: SINGLE (Line Drive, 8LS)
Román Centena to second
Román Centena to third
Batting: RHB Steven Grant 0-0: Called Strike
0-1: Ball
1-1: Ball
2-1: Grounds into double play, 1-4-3 (Groundball, 15)
Bottom of the 7th over - 0 run(s), 2 hit(s), 0 error(s), 1 left on base; Tacoma 1 - Ft. Polk South 0
TOP OF THE 8TH
Tacoma Fur Traders batting - Pitching for Ft. Polk South Thunder Hawks : RHP Sergio Rentería
Now at 2B: Armando Olvera
Batting: RHB Johnny Bryant 0-0: Called Strike
0-1: Swinging Strike
0-2: Strikes out looking
Batting: RHB Justin Saginov 0-0: Foul Ball, location: 2F
0-1: SOLO HOME RUN (Flyball, 7D), Distance : 349 ft
Batting: RHB Mike Daniels 0-0: Ball
1-0: Foul Ball, location: 2F
1-1: Foul Ball, location: 2F
1-2: Ball
2-2: Foul Ball, location: 2F
2-2: Foul Ball, location: 2F
2-2: Ball
3-2: SINGLE (Line Drive, 56D)
Pitching: RHP Ernest White
Batting: RHB Gonzalo Manuel 0-0: Ball
1-0: Called Strike
1-1: Ball
2-1: Foul Ball, location: 2F
2-2: Strikes out swinging
Batting: RHB Jesús Morales 0-0: Ball
1-0: Ball
2-0: Called Strike
2-1: Foul Ball, location: 2F
2-2: Ball
3-2: Strikes out swinging
Top of the 8th over - 1 run(s), 2 hit(s), 0 error(s), 1 left on base; Tacoma 2 - Ft. Polk South 0
BOTTOM OF THE 8TH
Ft. Polk South Thunder Hawks batting - Pitching for Tacoma Fur Traders : RHP Austin Abbott
Batting: SHB Ted Hansen 0-0: Swinging Strike
0-1: Foul Ball, location: 2F
0-2: Ball
1-2: Ground out 3-1 (Groundball, 34)
Batting: RHB José Sosa 0-0: Called Strike
0-1: Called Strike
0-2: Ball
1-2: Ball
2-2: Strikes out swinging
Batting: SHB Tony Martínez 0-0: Foul Ball, location: 2F
0-1: Foul Ball, location: 2F
0-2: Fly out, F9 (Line Drive, 9S)
Bottom of the 8th over - 0 run(s), 0 hit(s), 0 error(s), 0 left on base; Tacoma 2 - Ft. Polk South 0
TOP OF THE 9TH
Tacoma Fur Traders batting - Pitching for Ft. Polk South Thunder Hawks : RHP Ernest White
Batting: RHB Brett Robinson 0-0: Ground out 1-3 (Groundball, 15)
Batting: RHB Mark Allen 0-0: Ball
1-0: Ball
2-0: Called Strike
2-1: Foul Ball, location: 2F
2-2: Strikes out swinging
Batting: RHB Mo Zhou 0-0: Ball
1-0: Foul Ball, location: 2F
1-1: Called Strike
1-2: Strikes out swinging
Top of the 9th over - 0 run(s), 0 hit(s), 0 error(s), 0 left on base; Tacoma 2 - Ft. Polk South 0
BOTTOM OF THE 9TH
Ft. Polk South Thunder Hawks batting - Pitching for Tacoma Fur Traders : RHP Austin Abbott
Pitching: RHP Gabriel Hidalgo
Batting: RHB Francisco Romero 0-0: Ball
1-0: Fly out, F3 (Popup, 3DF)
Batting: LHB José Marín 0-0: Ball
1-0: Ground out 4-3 (Groundball, 4)
Batting: RHB Joe Murray 0-0: Ball
1-0: Called Strike
1-1: Foul Ball, location: 2F
1-2: Ball
2-2: Foul Ball, location: 2F
2-2: Ball
3-2: Strikes out swinging
Bottom of the 9th over - 0 run(s), 0 hit(s), 0 error(s), 0 left on base; Tacoma 2 - Ft. Polk South 0
This league is powered by Out of the Park Baseball, the baseball management simulation game for PC, Mac and Linux
Monday, May 4th, 2015 - OOTP Baseball 15.6 Build 34